 Dungeon Crawl Stone Soup version 0.29-a0-668-g12ee2bf84d (webtiles) character file.

Game seed: 66757015898672002

2 blackman the Sneak (level 1, -1/18 HPs)
             Began as a Human Delver on June 23, 2022.
             Was an Initiate of Elyvilon.
             Slain by a gnoll
             ... wielding a +0 flail
              (12 damage)
             ... on level 3 of the Dungeon.
             The game lasted 00:06:55 (864 turns).

blackman the Sneak (Human Delver)                    Turns: 864, Time: 00:06:56

Health: -1/18      AC:  3    Str: 12    XL:     1   Next: 44%
Magic:  1/1        EV: 12    Int: 10    God:    Elyvilon [......]
Gold:   0          SH:  0    Dex: 14    Spells: 0/0 levels left

rFire   . . .      SeeInvis .   a - +0 hand axe
rCold   . . .      Faith    .   (no shield)
rNeg    . . .      Spirit   .   b - +0 leather armour
rPois   .          Reflect  .   (no helmet)
rElec   .          Harm     .   (no cloak)
rCorr   .          Rampage  .   (no gloves)
Will    .....                   (no boots)
Stlth   +++.......              (no amulet)
HPRegen 0.06/turn               (no ring)
MPRegen 0.07/turn               (no ring)

@: no status effects
A: no striking features
a: Renounce Religion


You were on level 3 of the Dungeon.
You worshipped Elyvilon.
Elyvilon was noncommittal.
You visited 2 branches of the dungeon, and saw 4 of its levels.

Inventory:

Hand Weapons
 a - a +0 hand axe (weapon)
Missiles
 e - 5 poisoned darts (quivered)
Armour
 b - a +0 leather armour (worn)
Jewellery
 d - an amulet of reflection
Wands
 g - a wand of digging (1)
Scrolls
 c - a scroll of fog
Potions
 f - a potion of haste
 h - a potion of cancellation {unknown}


   Skills:
 - Level 3.0 Fighting
 * Level 2.2 Axes
 - Level 2.0 Dodging
 - Level 5.0 Stealth


You couldn't memorise any spells.
You didn't know any spells.
Your spell library contained the following spells:

 Spells                   Type           Power      Damage    Failure   Level
 Gell's Gravitas          Tloc           0%         N/A       82%         3
 Lesser Beckoning         Tloc           0%         N/A       82%         3
 Teleport Other           Tloc           0%         N/A       82%         3


Dungeon Overview and Level Annotations

Branches:
Dungeon (5/15)             Temple (1/1) D:5

Altars:
Ashenzari
Cheibriados
Dithmenos
Elyvilon
Fedhas
Gozag
Hepliaklqana
Kikubaaqudgha
Makhleb
Nemelex Xobeh
Okawaru
Qazlal
Ru
Sif Muna
Trog
Uskayaw
Vehumet
Xom
Yredelemnul
Zin
The Shining One

Annotations:
D:4 exclusion: scorpion


Message History

The kobold is severely wounded.
The kobold hits you but does no damage.
You hit the kobold.
You kill the kobold!
There is a stone staircase leading up here.
You can't go down here!
Unknown command.
You climb upwards.
There is a stone staircase leading down here.
Found a stone staircase leading up.
Key pressed, stopping explore.
h - a sapphire potion A gnoll comes into view.
It is wielding a +0 whip.
Found a ring mail.
There is a stone staircase leading up here.
A gnoll is nearby!
A gnoll comes into view. It is wielding a +0 flail.
The helpless gnoll fails to defend itself.
You hit the gnoll.
The gnoll is lightly wounded.
The gnoll hits you with a +0 whip.
You hit the gnoll.
The gnoll is moderately wounded.
The gnoll hits you with a +0 whip.
You closely miss the gnoll.
The gnoll is moderately wounded.
The gnoll barely misses you.
You barely miss the gnoll.
The gnoll is moderately wounded.
You barely miss the gnoll. The gnoll misses you. The gnoll closely misses you.
You hit the gnoll.
The gnoll is heavily wounded.
You hit the gnoll. The gnoll barely misses you.
The gnoll hits you with a +0 flail. The gnoll attacks as you move away!
The gnoll closely misses you.
You hit the gnoll.
The gnoll is heavily wounded.
You hit the gnoll but do no damage. The gnoll hits you with a +0 flail!
Ouch! That really hurt!
You die...

#.##.##.#
#.##.##>#
#.##.##.###
#.........# #
#..#....#.# #..
#.....###.#
#...### #..##.#
.#
.......####<.##.#
.#
.......g@....##.#
.#
......[g(....##.#
.#
#...##.###.......
.# #.. #.
##.###.# . #. #.#
# .. ..# .. ###
##.


You could see 2 gnolls.

Vanquished Creatures
  A goblin (D:4)
  A ball python (D:4)
  A kobold (D:4)
3 creatures vanquished.

Notes
Turn   | Place    | Note
-------+----------+-------------------------------------------
     0 | D:5      | blackman the Human Delver began the quest for the Orb.
     0 | D:5      | Reached XP level 1. HP: 18/18 MP: 1/1
    44 | D:5      | Noticed a black bear
    64 | D:5      | Found a staircase to the Ecumenical Temple.
    79 | D:5      | Noticed a water moccasin
    82 | Temple   | Entered the Ecumenical Temple
   457 | Temple   | Became a worshipper of Elyvilon the Healer
   514 | D:5      | Noticed a hound
   720 | D:4      | Noticed a scorpion
   864 | D:3      | Slain by a gnoll

Illustrated notes

Levels and vault maps discovered:
D:3:      layout_loops_ring, nzn_wu_jian_council_hall
D:4:      lemuel_castle_with_subvaults [lemuel_castle_interior_carwin_2],
          layout_basic, minmay_box_of_dots, uniq_natasha
D:5:      kennysheep_big_flooded_room, layout_loops_ring,
          minmay_temple_entry_sparse_star, serial_glass, glass_columns_b,
          glass_columns_b, ebering_ghost_reflecting_pool
Temple:   mainiacjoe_temple_archimedes_tessellation

Action                   || total
-------------------------++-------
Melee: Hand axe          ||    11
Evoke: Wand              ||     2
  Use: Scroll            ||     2
 Stab: Sleeping          ||     2
Armor: Leather armour    ||     2
Dodge: Dodged            ||     9

Table legend: (Time is in decaauts)
 A = Elapsed time spent in this place.
 B = Non-inter-level travel time spent in this place.
 C = Inter-level travel time spent in this place.
 D = Time resting spent in this place.
 E = Time spent auto-exploring this place.
 F = Levels seen in this place.
 G = Mean time per level.
                   A        B        C        D        E       F      G
               +--------+--------+--------+--------+--------+-----+--------+
         Total |    865 |    574 |    291 |    183 |    266 |   4 |  216.2 |
       Dungeon |    439 |    367 |     72 |    183 |     84 |   3 |  146.3 |
        Temple |    425 |    206 |    219 |      0 |    182 |   1 |  425.0 |
               +--------+--------+--------+--------+--------+-----+--------+

Top non-repeatable levels by time:
  Temple: 425 daAuts
     D:4: 323 daAuts
     D:5: 90 daAuts
     D:3: 25 daAuts
